 Dungeon Crawl Stone Soup version 0.30.1-4-g462c640d31 (webtiles) character file.

Game seed: 13947713161222536014

133 safid the Chiller (level 5, 0/39 HPs)
             Began as a Merfolk Ice Elementalist on Sept 15, 2023.
             Slain by Ijyb
             ... wielding a +0 dagger
              (3 damage)
             ... on level 3 of the Dungeon.
             The game lasted 00:02:36 (2121 turns).

safid the Chiller (Merfolk Ice Elementalist)        Turns: 2121, Time: 00:02:37

Health: 0/39       AC:  3    Str:  9    XL:     5   Next: 16%
Magic:  3/9        EV: 12    Int: 16    God:
Gold:   166        SH:  0    Dex: 14    Spells: 6/10 levels left

rFire   . . .        d - +0 short sword
rCold   . . .        (no shield)
rNeg    . . .        a - +0 robe
rPois   .            s - +0 helmet
rElec   .            (no cloak)
rCorr   .            (no gloves)
SInv    .            (no boots)
Will    .....        (no amulet)
Stlth   ++           (no ring)
HPRegen 0.26/turn    (no ring)
MPRegen 0.11/turn

%: no passive effects
@: very slightly contaminated
A: (nimble swimmer 2), mertail
a: no special abilities


You were on level 3 of the Dungeon.
You visited 1 branch of the dungeon, and saw 3 of its levels.

You collected 166 gold pieces.

Inventory:

Hand Weapons
 d - a +0 short sword (weapon)
Armour
 a - a +0 robe (worn)
 s - a +0 helmet (worn)
Scrolls
 e - a scroll of magic mapping {unknown}
 h - 3 scrolls of identify {unknown}
 k - a scroll of vulnerability {unknown}
 l - a scroll of noise {unknown}
 m - a scroll of enchant armour {unknown}
 n - 2 scrolls of amnesia {unknown}
 p - a scroll of poison {unknown}
 r - a scroll of enchant weapon {unknown}
Potions
 c - 2 potions of invisibility {unknown}
 f - 2 potions of mutation {unknown}
 g - 3 potions of curing {unknown}
 i - a potion of haste {unknown}
 j - 2 potions of berserk rage {unknown}
 o - a potion of heal wounds {unknown}
 q - a potion of resistance {unknown}


   Skills:
 + Level 2.7 Fighting
 - Level 2.6 Dodging
 - Level 2.1 Stealth
 + Level 3.1 Spellcasting
 + Level 5.3 Ice Magic


You had 6 spell levels left.
You knew the following spells:

 Your Spells              Type           Power      Damage    Failure   Level
a - Freeze                Ice            76%        1d8       1%          1
b - Frozen Ramparts       Ice            38%        1d6       6%          3

Your spell library contained the following spells:

 Spells                   Type           Power      Damage    Failure   Level
 Ozocubu's Armour         Ice            19%        N/A       6%          3
 Summon Ice Beast         Ice/Summ       11%        N/A       52%         4


Dungeon Overview and Level Annotations

Branches:
Dungeon (3/15)

Altars:

Annotations:
D:3 Ijyb


Innate Abilities, Weirdness & Mutations

((You are very nimble when in or above water. (Stealth+, EV+, Speed+++)))
Your lower body shifts to a powerful aquatic tail in water.


Message History

Unknown command.
You are too injured to fight recklessly!
Casting: Frozen Ramparts (dangerous; 6% risk of failure)
Confirm with . or Enter, or press ? or * to list all spells.
Aiming: Freeze (safe; 1% risk of failure)
Press: ? - help, Shift-Dir - straight line, f - Ijyb
Aim: Ijyb, wielding a +0 dagger, wearing a +0 scale mail and carrying a wand of quicksilver (1) (lightly wounded)
You freeze Ijyb!
Ijyb is heavily wounded.
The wall freezes Ijyb.
Ijyb zaps a wand.
The bolt of dispelling energy hits you!
Your magical effects are unravelling.
* * * LOW HITPOINT WARNING * * *
The now-empty wand crumbles to dust.
Casting: Freeze (safe; 1% risk of failure)
Confirm with . or Enter, or press ? or * to list all spells.
Aiming: Freeze (safe; 1% risk of failure)
Press: ? - help, Shift-Dir - straight line, f/p - Ijyb
Aim: Ijyb, wielding a +0 dagger and wearing a +0 scale mail (severely wounded)
You freeze Ijyb.
Ijyb is severely wounded.
The frozen ramparts melt away.
Ijyb hits you with a +0 dagger.
* * * LOW HITPOINT WARNING * * *
Casting: Freeze (safe; 1% risk of failure)
Confirm with . or Enter, or press ? or * to list all spells.
Aiming: Freeze (safe; 1% risk of failure)
Press: ? - help, Shift-Dir - straight line, f/p - Ijyb
Aim: Ijyb, wielding a +0 dagger and wearing a +0 scale mail (severely wounded)
You miscast Freeze.
Nothing appears to happen.
Ijyb barely misses you.
Unknown command.
Casting: Freeze (safe; 1% risk of failure)
Confirm with . or Enter, or press ? or * to list all spells.
Aiming: Freeze (safe; 1% risk of failure)
Press: ? - help, Shift-Dir - straight line, f/p - Ijyb
Aim: Ijyb, wielding a +0 dagger and wearing a +0 scale mail (severely wounded)
You freeze Ijyb.
Ijyb is severely wounded.
A rat comes into view.
Ijyb hits you with a +0 dagger.
You die...

#....##.##.##
##..##..#..##
#.........##
#..>#####.###### ####
#...####........
#.##...###...........####
#....#......#####...##
#.....###.# ##.##
#...###†@†#.# #.# #.#
#g#)#.# #.# . #†....#
†...#.# .##.....# ..
.###... .. .. #$# r#. .#
#


You could see Ijyb and a rat (wandering).

Vanquished Creatures
  A hound (D:3)
  Jessica (D:3)
  3 adders
  2 worms (D:2)
  2 orcs (D:3)
  4 endoplasms
  A giant cockroach (D:3)
  4 goblins
  2 hobgoblins
  3 quokkas
  7 ball pythons
  5 bats
  3 frilled lizards
  2 kobolds
  3 rats
43 creatures vanquished.

Notes
Turn   | Place    | Note
-------+----------+-------------------------------------------
     0 | D:1      | safid the Merfolk Ice Elementalist began the quest for the
                  | Orb.
     0 | D:1      | Reached XP level 1. HP: 13/13 MP: 3/3
   397 | D:1      | Reached XP level 2. HP: 18/20 MP: 5/5
   458 | D:1      | Reached skill level 1 in Fighting
  1161 | D:2      | Reached XP level 3. HP: 21/26 MP: 6/6
  1165 | D:2      | Learned a level 3 spell: Frozen Ramparts
  2003 | D:3      | Noticed Jessica
  2007 | D:3      | Killed Jessica
  2008 | D:3      | Reached skill level 5 in Ice Magic
  2008 | D:3      | Reached XP level 4. HP: 26/33 MP: 3/8
  2097 | D:3      | Noticed Ijyb
  2113 | D:3      | Reached XP level 5. HP: 31/39 MP: 3/9
  2121 | D:3      | Slain by Ijyb

Illustrated notes

Levels and vault maps discovered:
D:1:      amcnicky_arrival_choice, layout_loops_corners, minmay_misc_feat_roman
D:2:      layout_loops_cross
D:3:      layout_loops_ring, kennysheep_nondescript, grunt_decor_cap,
          grunt_decor_mini_mirrors, corexii_hall_statues_t,
          minmay_fractal_squares_5, uniq_ijyb, uniq_jessica

Skill      XL: |  1  2  3  4 |
---------------+-------------+-----
Fighting       | 1 2 |  2.7
Ice Magic      | 5 |  5.3
Spellcasting   | 3 |  3.1
Dodging        | |  2.6
Stealth        | |  2.1

Action                     |  1- 3 |  4- 6 || total
---------------------------+-------+-------++-------
  Melee: Short sword       |    88 |    11 ||    99
         Unarmed           |     1 |       ||     1
   Cast: Freeze            |    10 |     3 ||    13
         Frozen Ramparts   |     3 |     3 ||     6
    Use: Potion            |       |     1 ||     1
   Stab: Sleeping          |     6 |       ||     6
 Armour: Robe              |    12 |     1 ||    13
  Dodge: Dodged            |    50 |    13 ||    63
